 Dungeon Crawl Stone Soup version 0.28.0-43-g3370ac3207 (webtiles) character file.

Game seed: 8865300877689827025

28568 TheDeanity the Basher (level 13, -17/133 HPs)
             Began as a Troll Fighter on Mar 14, 2022.
             Was an Elder of Wu Jian.
             Demolished by Rupert
             ... wielding a +6 battleaxe of freezing
              (43 damage)
             ... on level 14 of the Dungeon on Mar 15, 2022.
             The game lasted 00:56:03 (13804 turns).

TheDeanity the Basher (Troll Fighter)              Turns: 13804, Time: 00:56:04

Health: -17/133    AC:  9    Str: 31    XL:     13   Next: 10%
Magic:  12/12      EV:  9    Int: 12    God:    Wu Jian [****..]
Gold:   467        SH: 11    Dex:  9    Spells: 12/12 levels left

rFire   + . .      SeeInvis +   E - +1 whip (elec)
rCold   . . .      Faith    .   c - +1 kite shield
rNeg    . . .      Spirit   .   g - +2 robe {rF+}
rPois   .          Reflect  .   G - +3 crown of Dyrovepreva {rElec Int+2 SInv}
rElec   +          Harm     .   (no cloak)
rCorr   .          Rampage  .   (gloves unavailable)
Will    ++...                   (boots unavailable)
Stlth   +.........              (no amulet)
HPRegen 1.12/turn               a - ring of Demamm {+Blink Will++ Int+6}
MPRegen 0.13/turn               O - +4 ring of slaying

@: mighty, exhausted
A: large, unfitting armour, claws 3, regeneration 1, shaggy fur 1, tough skin 1
a: Renounce Religion, Evoke Blink, Wall Jump, Serpent's Lash


You were on level 14 of the Dungeon.
You worshipped Wu Jian.
Wu Jian was greatly pleased with you.
You visited 2 branches of the dungeon, and saw 15 of its levels.
You also visited: Ossuary.

You collected 1011 gold pieces.
You spent 544 gold pieces at shops.

Inventory:

Hand Weapons
 o - a +2 giant spiked club of venom
 E - a +1 whip of electrocution (weapon)
Missiles
 N - 16 large rocks (quivered)
Armour
 c - a +1 kite shield (worn)
 g - a +2 robe of fire resistance (worn)
 G - the +3 crown of Dyrovepreva (worn) {rElec Int+2 SInv}
   (You found it on level 8 of the Dungeon)

   Int:       It affects your intelligence (+2).
   rElec:     It insulates you from electricity.
   SInv:      It lets you see invisible.
 M - a +0 troll leather armour
 P - a scarf of harm
 Q - +0 acid dragon scales
Jewellery
 a - the ring of Demamm (left claw) {+Blink Will++ Int+6}
   (You acquired it on level 8 of the Dungeon)

   [ring of intelligence]

   Int:       It affects your intelligence (+6).
   +Blink:    It lets you blink.
   Will:      It greatly increases your willpower.
 O - a +4 ring of slaying (right claw)
Wands
 p - a wand of paralysis (20)
 B - a wand of flame (31)
 C - a wand of iceblast (5)
 D - a wand of digging (1)
Scrolls
 b - a scroll of silence
 e - 4 scrolls of fog
 h - a scroll of teleportation
 j - a scroll of torment
 n - a scroll of immolation
 r - 3 scrolls of enchant armour
 t - 4 scrolls of vulnerability
 v - 4 scrolls of blinking
 y - 3 scrolls of holy word
 A - 2 scrolls of fear
 F - a scroll of amnesia
 K - 2 scrolls of magic mapping
 L - 2 scrolls of noise
Potions
 d - 2 potions of might
 f - 3 potions of haste
 i - a potion of cancellation {unknown}
 k - 6 potions of curing
 l - a potion of resistance {unknown}
 m - 3 potions of ambrosia
 q - 2 potions of berserk rage
 s - 3 potions of heal wounds
 u - 2 potions of magic {unknown}
 w - 3 potions of lignification
 x - 3 potions of attraction
 z - 2 potions of mutation {unknown}
 H - 2 potions of flight
 I - a potion of brilliance {unknown}
 J - a potion of invisibility {unknown}
Miscellaneous
 R - a phantom mirror (inert)


   Skills:
 + Level 10.2 Fighting
 * Level 13.3 Maces & Flails
 - Level 5.0 Armour
 - Level 2.4 Dodging
 - Level 10.0 Shields


You had 12 spell levels left.
You didn't know any spells.
Your spell library contained the following spells:

 Spells                   Type           Power      Damage    Failure   Level
 Animate Skeleton         Necr           0%         N/A       52%         1
 Apportation              Tloc           0%         N/A       52%         1
 Sting                    Tmut/Pois      0%         1d3       52%         1
 Summon Small Mammal      Summ           0%         N/A       52%         1
 Corpse Rot               Necr/Air       0%         N/A       67%         2
 Ensorcelled Hibernation  Hex/Ice        0%         N/A       67%         2
 Passwall                 Tmut/Erth      0%         N/A       67%         2
 Poisonous Vapours        Pois/Air       0%         N/A       67%         2
 Ignite Poison            Fire/Tmut/Pois 0%         N/A       88%         3
 Ozocubu's Armour         Ice            0%         N/A       88%         3
 Swiftness                Air            0%         N/A       88%         3
 Tukima's Dance           Hex            0%         N/A       88%         3
 Airstrike                Air            0%         N/A       99%         4
 Anguish                  Hex/Necr       0%         N/A       99%         4
 Dispel Undead            Necr           0%         3d6       99%         4
 Olgreb's Toxic Radiance  Pois           0%         N/A       99%         4
 Summon Ice Beast         Ice/Summ       0%         N/A       99%         4
 Summon Lightning Spire   Summ/Air       0%         N/A       99%         4
 Lightning Bolt           Conj/Air       0%         1d11      100%        5
 Death Channel            Necr           0%         N/A       100%        6
 Enfeeble                 Hex            0%         N/A       100%        7


Dungeon Overview and Level Annotations

Branches:
Dungeon (14/15)            Temple (1/1) D:5            Lair (0/6) D:10
    Orc (0/2) D:11         Vaults (0/5) D:14        Ossuary (visited)

Altars:
Ashenzari
Cheibriados
Dithmenos
Elyvilon
Fedhas
Gozag
Hepliaklqana
Kikubaaqudgha
Makhleb
Nemelex Xobeh
Okawaru
Qazlal
Ru
Sif Muna
Trog
Uskayaw
Vehumet
Wu Jian
Xom
Yredelemnul
Zin
The Shining One

Shops:
D:1 (?   D:6 [   D:7 !   D:8 ?

Annotations:
D:3 3 runed translucent doors, fleeber's ghost, weakling MiBe
D:14 Rupert; Urug


Innate Abilities, Weirdness & Mutations

You are too large for most types of armour.
You have claws for hands.
Your natural rate of healing is unusually fast.
You are covered in fur. (AC +1)
You have tough skin. (AC +1)


Message History

Nessos is heavily wounded.
Nessos gestures wildly while chanting.
Nessos blinks!
Nessos shoots an arrow.
The arrow hits you!! The arrow burns you.
Nessos shoots an arrow.
The arrow barely misses you.
Blink to where?
Press: ? - help, Dir - move target, p - Rupert
As you read the scroll of blinking, it crumbles to dust.
Nessos unwields a +1 longbow of flaming.
It stops flaming.
Nessos hits you but does no damage.
You block Nessos's attack. x2; Nessos kicks you but does no damage.
You hit Nessos but do no damage.
Nessos is heavily wounded.
Nessos closely misses you. Nessos kicks you.
Rupert rages.
You spin and attack Nessos.
You hit Nessos.
Nessos is heavily wounded.
Nessos hits you. Nessos kicks you but does no damage.
You block Nessos's attack. Nessos kicks you but does no damage.
You spin and attack Nessos repeatedly.
You hit Nessos but do no damage. Lightning courses through Nessos!!
Nessos is severely wounded.
You hit Nessos.
Nessos is almost dead.
Nessos hits you. You block Nessos's attack. Nessos barely misses you.
Nessos kicks you. Nessos hits you but does no damage.
You block Nessos's attack.
You whack Nessos!
Nessos is almost dead.
Nessos says, "Even if you were a mare, I'd kill you!"
Nessos hits you but does no damage. You block Nessos's attack.
You hit Nessos.
You kill Nessos!
The Council accepts your kill.
You feel very mighty all of a sudden.
Rupert hits you with a +6 battleaxe of freezing!!
* * * LOW HITPOINT WARNING * * *
Rupert freezes you.
* * * LOW HITPOINT WARNING * * *
Rupert hits you with a +6 battleaxe of freezing!!!
You die...

...ยง...###...##.......#
.......##.....##......#
...(.(........#.......#
).....................#
......................#
......................#
......................#
#.###.#.....(...@...###
#.#...#.........@...#
#.#.###.....(.......###
......................#
#.#.###...............#
....#.#...............#
#.###.#..............##
.....................#
......#..............#
.....###.............##


You could see Rupert (berserk).

Vanquished Creatures
  Nessos (D:14)
  A hydra (D:14)
  Harold (D:9)
  A boulder beetle (D:14)
  A catoblepas (D:13)
  The ghost of croobank the Missionary, a journeyman HOFi of Beogh (D:10)
  A centaur warrior (D:13)
  A tengu warrior (D:14)
  6 two-headed ogres
  The ghost of crimpus the Thaumaturge, a novice DECj of Vehumet (D:9)
  An obsidian statue (D:13)
  A wizard (D:14)
  A deep elf pyromancer (D:13)
  3 manticores
  5 cyclopes
  An ugly thing (D:13)
  2 kobold demonologists (D:13)
  A freezing wraith (D:14)
  A komodo dragon (shapeshifter) (D:14)
  A meliai (shapeshifter) (D:11)
  7 trolls
  Prince Ribbit (D:6)
  A raiju (shapeshifter) (D:14)
  A hornet (D:9)
  A blink frog (shapeshifter) (D:13)
  Sigmund (D:6)
  2 shadows (D:11)
  15 yaks
  3 wraiths
  4 humans (D:14)
  A vampire (D:8)
  2 steam dragons
  A redback (D:14)
  10 vampire mosquitoes
  2 acid dragons
  A water moccasin (D:6)
  An ice beast (D:6)
  5 orc warriors
  A wolf (D:10)
  3 ogres
  2 necrophages
  3 centaurs
  2 phantoms (D:11)
  8 kobold brigands (D:13)
  3 bullfrogs
  A scorpion (D:5)
  A wyvern skeleton (D:7)
  2 troll zombies (D:11)
  9 killer bees
  3 howler monkeys (D:13)
  17 wights
  5 electric eels (D:10)
  A quasit (D:13)
  5 centaur zombies
  6 hounds
  2 jellies
  13 orc priests
  4 iron imps (D:13)
  A centaur skeleton (D:6)
  3 gnoll shamans
  Ijyb (D:4)
  3 iguanas
  13 orc wizards
  4 ogre zombies (D:11)
  A hound skeleton (D:4)
  A mummy (Ossuary)
  2 howler monkey zombies (D:9)
  14 gnolls
  12 adders
  A shadow imp (D:7)
  A white imp (D:13)
  2 ufetubi
  34 orcs
  9 ball pythons
  5 bats
  2 endoplasms
  2 giant cockroaches (D:1)
  10 goblins
  4 hobgoblins
  11 jackals
  4 quokkas
  7 frilled lizards
  8 gnoll skeletons (Ossuary)
  2 goblin skeletons (D:11)
  A goblin zombie (D:11)
  2 hobgoblin zombies (D:11)
  14 kobolds
  4 kobold skeletons (Ossuary)
  16 orc skeletons
  11 orc zombies (D:11)
  4 rats
  A bush (D:13)
392 creatures vanquished.

Vanquished Creatures (others)
  2 bushes (D:13)
  49 plants
51 creatures vanquished.

Grand Total: 443 creatures vanquished

Notes
Turn   | Place    | Note
-------+----------+-------------------------------------------
     0 | D:1      | TheDeanity the Troll Fighter began the quest for the Orb.
     0 | D:1      | Reached XP level 1. HP: 22/22 MP: 0/0
    74 | D:1      | Reached skill level 2 in Maces & Flails
    74 | D:1      | Reached XP level 2. HP: 25/29 MP: 1/1
   260 | D:1      | Found Upsu's Weapon Boutique.
   567 | D:1      | Found Fyrim's Magic Scroll Shoppe.
   890 | D:1      | Reached XP level 3. HP: 25/36 MP: 2/2
  1309 | D:2      | Reached XP level 4. HP: 36/44 MP: 3/3
  1489 | D:3      | Found a runed translucent gate.
  1489 | D:3      | Found a runed translucent gate.
  1502 | D:3      | Found a runed translucent gate.
  1632 | D:3      | Found an ancient bone altar of Kikubaaqudgha.
  1678 | D:3      | Found a snail-covered altar of Cheibriados.
  1713 | D:3      | Found a faded altar of an unknown god.
  1730 | D:3      | Reached XP level 5. HP: 48/53 MP: 4/4
  1866 | D:3      | Noticed an ogre
  1933 | D:3      | Killed an ogre
  1934 | D:3      | Reached skill level 3 in Maces & Flails
  2229 | D:3      | Noticed fleeber's ghost (weakling MiBe)
  2242 | D:3      | Found an opulent altar of Gozag.
  2433 | D:4      | Noticed a necrophage
  2443 | D:4      | Killed a necrophage
  2444 | D:4      | Reached XP level 6. HP: 56/61 MP: 5/5
  2611 | D:4      | Found a sand-covered staircase.
  2617 | Ossuary  | Entered an ossuary
  2617 | Ossuary  | Noticed a wraith
  2617 | Ossuary  | Noticed a wraith
  2617 | Ossuary  | Noticed a wraith
  2775 | Ossuary  | Noticed a wraith
  2805 | Ossuary  | Killed a wraith
  2806 | Ossuary  | Reached skill level 5 in Shields
  2806 | Ossuary  | Reached XP level 7. HP: 68/68 MP: 6/6
  3270 | D:4      | Noticed Ijyb
  3285 | D:4      | Killed Ijyb
  3286 | D:4      | Reached skill level 4 in Maces & Flails
  3561 | D:5      | Entered Level 5 of the Dungeon
  3589 | D:5      | Got the Compendium of Glacial Poisoning
  3698 | D:1      | Bought a +1 whip of electrocution for 145 gold pieces
  3815 | D:5      | Found a staircase to the Ecumenical Temple.
  3829 | Temple   | Entered the Ecumenical Temple
  3962 | Temple   | Became a worshipper of the Wu Jian Council
  4276 | D:5      | Found an ornate altar of the Wu Jian Council.
  4279 | D:5      | Found a shimmering altar of Xom.
  4279 | D:5      | Found a bloodstained altar of Trog.
  4281 | D:5      | Found a sacrificial altar of Ru.
  4281 | D:5      | Found a stormy altar of Qazlal.
  4281 | D:5      | Found a hazy altar of Hepliaklqana.
  4529 | D:6      | Found Ruapto's Antique Armour Boutique.
  4539 | D:5      | Reached XP level 8. HP: 58/78 MP: 7/7
  4944 | D:6      | Reached skill level 5 in Fighting
  4944 | D:6      | Reached skill level 5 in Maces & Flails
  5149 | D:6      | You fall into a shaft and drop 2 floors!
  5149 | D:8      | Noticed a two-headed ogre
  5236 | D:8      | Found a sparkling altar of Nemelex Xobeh.
  5248 | D:8      | Found a sacrificial altar of Ru.
  5275 | D:8      | Found the +3 crown of Dyrovepreva {rElec Int+2 SInv}
  5367 | D:8      | Reached XP level 9. HP: 13/88 MP: 8/8
  5500 | D:8      | Reached * piety under Wu Jian
  5515 | D:8      | Found a stormy altar of Qazlal.
  5598 | D:7      | Found Dotixuh's Distillery.
  5606 | D:7      | Bought a potion of lignification for 39 gold pieces
  5606 | D:7      | Bought a potion of heal wounds for 65 gold pieces
  5606 | D:7      | Bought a potion of flight for 39 gold pieces
  5606 | D:7      | Bought a potion of attraction for 39 gold pieces
  5634 | D:6      | Noticed Sigmund
  5651 | D:6      | Killed Sigmund
  5670 | D:6      | Noticed Prince Ribbit
  5693 | D:6      | Killed Prince Ribbit
  5694 | D:6      | Reached skill level 6 in Maces & Flails
  6281 | D:6      | Bought an embroidered robe for 96 gold pieces
  6549 | D:7      | Found a hide-covered altar of Uskayaw.
  6549 | D:7      | Noticed a +0 short sword
  6549 | D:7      | Noticed a +0 spear
  6549 | D:7      | Noticed a +0 spear
  6549 | D:7      | Noticed a +0 falchion
  6550 | D:7      | Noticed a +0 dagger
  6550 | D:7      | Noticed a +0 short sword
  6551 | D:7      | Noticed a +0 falchion
  6552 | D:7      | Noticed a +0 dagger
  6600 | D:7      | Reached ** piety under Wu Jian
  6885 | D:7      | Found a glowing silver altar of Zin.
  6885 | D:7      | Found a hazy altar of Hepliaklqana.
  7131 | D:8      | Identified the +3 trident of Understanding {vorpal, Will+
                  | SInv}
  7371 | D:8      | Reached XP level 10. HP: 52/100 MP: 9/9
  7552 | D:8      | Found Byitzob's Magic Scroll Boutique.
  7569 | D:8      | Bought a scroll of identify for 22 gold pieces
  7569 | D:8      | Bought a scroll of identify for 22 gold pieces
  7569 | D:8      | Bought a scroll of noise for 11 gold pieces
  7569 | D:8      | Bought a scroll of identify for 22 gold pieces
  7570 | D:8      | Identified a scroll of acquirement
  7573 | D:8      | Acquired the ring of Demamm {+Blink Will++ Int+6}
  7866 | D:8      | Killed a two-headed ogre
  7867 | D:8      | Reached skill level 7 in Maces & Flails
  8111 | D:9      | Noticed a two-headed ogre
  8192 | D:9      | Killed a two-headed ogre
  8335 | D:9      | Reached skill level 10 in Shields
  8506 | D:9      | Found a bloodstained altar of Trog.
  8655 | D:9      | Noticed Harold
  8686 | D:9      | Killed Harold
  8687 | D:9      | Reached skill level 8 in Maces & Flails
  8739 | D:9      | Noticed a two-headed ogre
  8869 | D:9      | Killed a two-headed ogre
  8870 | D:9      | Reached XP level 11. HP: 85/110 MP: 10/10
  9182 | D:9      | Found a runed translucent door.
  9183 | D:9      | Noticed crimpus's ghost (novice DECj)
  9197 | D:9      | Killed crimpus's ghost
  9198 | D:9      | Reached skill level 9 in Maces & Flails
  9345 | D:10     | Entered Level 10 of the Dungeon
  9386 | D:8      | Bought a scroll of identify for 22 gold pieces
  9386 | D:8      | Bought a scroll of identify for 22 gold pieces
  9478 | D:10     | Reached skill level 1 in Armour
  9490 | D:10     | Reached *** piety under Wu Jian
  9691 | D:10     | Found a blossoming altar of Fedhas.
  9761 | D:10     | Found a runed translucent gate.
  9761 | D:10     | Found a runed translucent gate.
  9761 | D:10     | Found a runed translucent gate.
  9761 | D:10     | Noticed croobank's ghost (journeyman HOFi)
  9763 | D:10     | Found a basalt altar of Yredelemnul.
  9807 | D:10     | Killed croobank's ghost
  9843 | D:10     | Found a staircase to the Lair.
 10217 | D:11     | Reached skill level 10 in Maces & Flails
 10222 | D:11     | Found a staircase to the Orcish Mines.
 10277 | D:11     | Reached **** piety under Wu Jian
 11014 | D:12     | Noticed a two-headed ogre
 11021 | D:12     | Killed a two-headed ogre
 11154 | D:12     | Noticed a two-headed ogre
 11162 | D:12     | Killed a two-headed ogre
 11163 | D:12     | Reached skill level 11 in Maces & Flails
 11163 | D:12     | Reached XP level 12. HP: 62/122 MP: 11/11
 11349 | D:12     | Noticed a two-headed ogre
 11357 | D:12     | Killed a two-headed ogre
 12187 | D:13     | Noticed a centaur warrior
 12195 | D:13     | Killed a centaur warrior
 12520 | D:13     | Reached ***** piety under Wu Jian
 12554 | D:13     | Found a shimmering blue altar of Sif Muna.
 12574 | D:13     | Noticed a catoblepas
 12582 | D:13     | Reached skill level 12 in Maces & Flails
 12592 | D:13     | Killed a catoblepas
 12593 | D:13     | Reached skill level 5 in Armour
 13292 | D:14     | Noticed a boulder beetle
 13321 | D:14     | Killed a boulder beetle
 13330 | D:14     | Noticed a tengu warrior
 13345 | D:14     | Killed a tengu warrior
 13398 | D:14     | Reached skill level 10 in Fighting
 13427 | D:14     | Noticed a four-headed hydra
 13436 | D:14     | Killed a four-headed hydra
 13437 | D:14     | Reached skill level 13 in Maces & Flails
 13472 | D:14     | Reached XP level 13. HP: 74/133 MP: 12/12
 13472 | D:14     | Noticed Nessos
 13472 | D:14     | Noticed Rupert
 13476 | D:14     | Found a gate to the Vaults.
 13476 | D:14     | Noticed Urug
 13803 | D:14     | Killed Nessos
 13804 | D:14     | Demolished by Rupert

Illustrated notes

Levels and vault maps discovered:
D:1:      saegor_arrival_fortress, layout_basic, serial_shops,
          nicolae_lakefront_shop, nicolae_shop_bloodbath_and_beyond
D:2:      layout_rooms, hangedman_abyss_or_decor_lesser_grid
D:3:      layout_basic, lemuel_crystal_altar,
          mainiacjoe_overflow_catch_the_wave, ebering_ecumenical_altar_hall,
          gammafunk_ghost_icy
D:4:      layout_loops_ring, enter_ossuary_1, minmay_crystal_water,
          kennysheep_boxes, uniq_ijyb
D:5:      layout_rooms, doesnt_xom_only_xom, minmay_temple_entry_gardened_gates,
          nrook_loot_triangle, kennysheep_generic_room_15
D:6:      layout_basic, serial_shops, shop, hangedman_abyss_or_decor_slice,
          kennysheep_big_empty_room, uniq_prince_ribbit1, uniq_sigmund
D:7:      layout_loops_ring, nicolae_uskayaw_en_pointe,
          gammafunk_temple_overflow_statue, serial_shops,
          nicolae_shop_statue_plus
D:8:      layout_cave_pods, nemelex_xobeh_ov_fountains_minmay,
          mainiacjoe_overflow_alcove_2, nicolae_qazlal_style_of_elements,
          serial_shops, nicolae_stop_n_shop_1, minivault_1
D:9:      layout_loops_ring, lemuel_coloured_pillars_altar,
          gammafunk_ghost_grave, corexii_leaking_fountain, uniq_harold
D:10:     layout_cave_pools, overflow_temple_1_default,
          nicolae_yredelemnul_ghost_church, erik_lair_island
D:11:     layout_irregular_city, zombieorc1_lemuel
D:12:     layout_loops_ring, drop_trap
D:13:     kennysheep_kobold_grotto, layout_cave_pools, led_sif_book
D:14:     minmay_the_grid_octo_tiled_octocenter
          [minmay_the_grid_octo_thin_diamonds, minmay_the_grid_octo_checkered,
          minmay_the_grid_octo_toaster, minmay_the_grid_octo_pinwheel,
          minmay_the_grid_octo_prize_single_spiral,
          minmay_the_grid_square_5x5_percent,
          minmay_the_grid_square_5x5_n_small,
          minmay_the_grid_square_5x5_eight_small,
          minmay_the_grid_square_5x5_two_walls_b], layout_cross, david_vaults_3,
          minmay_misc_feat_roman
Temple:   nicolae_temple_figure_zero

Skill      XL: |  1  2  3  4  5  6  7  8  9 10 11 12 |
---------------+-------------------------------------+-----
Maces & Flails | 2 3 4 5 6 8 11 13 | 13.3
Shields        | 3 4 5 6 7 9 10 | 10.0
Fighting       | 3 4 5 6 7 8 10 | 10.2
Armour         | 3 5 |  5.0
Dodging        | |  2.4

Action                   |  1- 3 |  4- 6 |  7- 9 | 10-12 | 13-15 || total
-------------------------+-------+-------+-------+-------+-------++-------
Melee: Flail             |    59 |       |       |       |       ||    59
       Unarmed           |    85 |   206 |    80 |       |       ||   371
       Whip              |       |       |   481 |  1068 |    51 ||  1600
Throw: Javelin           |       |     1 |     1 |    24 |       ||    26
       Large rock        |       |       |       |    16 |     2 ||    18
Invok: Lunge             |       |       |    30 |    57 |     4 ||    91
       Whirlwind         |       |       |    34 |   204 |     9 ||   247
       Serpent's Lash    |       |       |       |     6 |     1 ||     7
 Abil: Evoke Blink       |       |       |       |     2 |       ||     2
       Wall Jump         |       |       |       |     1 |       ||     1
Evoke: Wand              |       |     3 |       |       |     4 ||     7
       Phantom mirror    |       |       |       |       |     1 ||     1
  Use: Potion            |       |       |     5 |     2 |     2 ||     9
       Scroll            |       |       |     8 |    13 |     4 ||    25
 Stab: Paralysed         |       |     9 |       |       |       ||     9
Armor: Robe              |    69 |    66 |   117 |   216 |    11 ||   479
Dodge: Dodged            |    79 |    81 |   154 |   236 |    14 ||   564
Block: Kite shield       |    88 |    82 |   180 |   383 |    17 ||   750
